 Dungeon Crawl Stone Soup version 0.23.2 (webtiles) character file.

Game seed: 6245751082440095850

1204 aelisj the Thaumaturge (level 8, -9/41 HPs)
             Began as a Deep Elf Conjurer on Apr 12, 2019.
             Was an Initiate of Vehumet.
             Mangled by Harold
             ... wielding a +0 mace
              (16 damage)
             ... on level 7 of the Dungeon.
             The game lasted 00:51:43 (6098 turns).

aelisj the Thaumaturge (Deep Elf Conjurer)          Turns: 6098, Time: 00:51:44

Health: -9/41      AC:  6    Str:  5    XL:     8   Next: 21%
Magic:  27/32      EV: 13    Int: 23    God:    Vehumet [......]
Gold:   341        SH:  0    Dex: 15    Spells: 11/25 levels left

rFire    . . .     SeeInvis .   r - +3 trident (distort)
rCold    . . .     Gourm    .   (no shield)
rNeg     . . .     Faith    .   t - +0 robe
rPois    .         Spirit   .   m - +1 helmet
rElec    .         Reflect  .   y - +1 cloak
rCorr    .         Harm     .   (no gloves)
MR       .....                  (no boots)
Stlth    +++.......             w - amulet of regeneration
HPRegen  0.53/turn              o - ring of magical power
MPRegen  0.23/turn              A - ring of stealth

@: about to teleport
A: no striking features
a: Renounce Religion


You were on level 7 of the Dungeon.
You worshipped Vehumet.
Vehumet was noncommittal.
You were not hungry.

You visited 2 branches of the dungeon, and saw 8 of its levels.

You collected 341 gold pieces.

Inventory:

Hand Weapons
 g - a +1 spear
 l - a cursed -2 hunting sling
 n - a +0 dagger
 r - a +3 trident of distortion (weapon)
 s - a +1 short sword of venom
 x - a +0 club
 D - a +0 halberd
 F - a +2 flail of holy wrath
 G - a +0 hand crossbow
 I - a +4 dagger
Missiles
 d - 6 curare-tipped needles
 u - 39 sling bullets
Armour
 a - a +0 robe
 m - a +1 helmet (worn)
 t - a +0 robe (worn)
 y - a +1 cloak (worn)
Jewellery
 o - a ring of magical power (left hand)
 p - an uncursed amulet of the acrobat
 w - an amulet of regeneration (around neck)
 A - a ring of stealth (right hand)
Wands
 f - a wand of digging (6)
Scrolls
 e - 5 scrolls of remove curse
 j - 2 scrolls of identify
 k - a scroll of noise {unknown}
 C - 3 scrolls of teleportation
 H - 2 scrolls of magic mapping
Potions
 b - 2 potions of flight {unknown}
 h - 4 potions of curing {unknown}
 i - 2 potions of mutation {unknown}
 q - a potion of cancellation {unknown}
 v - 2 potions of haste
 z - a potion of magic {unknown}
 B - a potion of resistance {unknown}
 E - a potion of berserk rage {unknown}
Comestibles
 c - 9 rations


   Skills:
 - Level 2.4 Dodging
 - Level 2.4 Stealth
 + Level 9.0 Spellcasting
 + Level 8.4 Conjurations
 + Level 3.6 Translocations


You had 11 spell levels left.
You knew the following spells:

 Your Spells              Type           Power        Failure   Level  Hunger
a - Magic Dart            Conj           ####         1%          1    None
b - Searing Ray           Conj           #####.       1%          2    None
c - Dazzling Spray        Conj/Hex       ####..       3%          3    None
d - Force Lance           Conj/Tloc      #####...     5%          4    ##.....
e - Iskenderun's Mystic   Conj           #####...     1%          4    ##.....

Your spell library contained the following spells:

 Spells                   Type           Power        Failure   Level  Hunger
 Fulminant Prism          Conj/Hex       ####......   11%         4    ##.....


Dungeon Overview and Level Annotations

Branches:
Dungeon (7/15)             Temple (1/1) D:5

Altars:
Elyvilon
Fedhas
Gozag
Kikubaaqudgha
Makhleb
Okawaru
Qazlal
Ru
Sif Muna
Trog
Uskayaw
Vehumet
Wu Jian
Xom
Yredelemnul
Zin

Annotations:
D:7 Harold


Message History

Press: ? - help, Shift-Dir - straight line, f/p - Harold
Aim: Harold, wielding a +0 mace and wearing a +0 chain mail (lightly wounded)
The searing ray hits Harold but does no damage.
Harold is lightly wounded. (Press . to maintain the ray.) Harold barely misses you.
The searing ray hits Harold!
Harold is lightly wounded.
Harold hits you but does no damage.
The searing ray hits Harold!
Harold is moderately wounded.
Harold hits you with a +0 mace!
The searing ray hits Harold!
Harold is heavily wounded.
You finish channeling your searing ray.
Harold hits you with a +0 mace!
* * * LOW HITPOINT WARNING * * *
As you read the scroll of teleportation, it crumbles to dust.
You feel strangely unstable. Harold hits you with a +0 mace!
You die...

. #.⌠.⌠# ##....####
##........##
#..........##
#..........<#
##..........##
#...........#
.......@...#
..##...@...##
#######..####....##
##........# ###.##
#.........## ###
...........###
.............#
.............#
............#


You could see Harold.

Vanquished Creatures
  Edmund (D:5)
  An ogre (D:5)
  5 wights (D:6)
  A howler monkey (D:6)
  A centaur zombie (D:6)
  3 hounds
  2 bullfrog skeletons
  A bullfrog zombie (D:6)
  Natasha (thrice) (D:3)
  Terence (D:3)
  4 worker ants
  A hound skeleton (D:3)
  9 gnolls
  13 adders
  3 oozes
  3 adder skeletons
  6 worms
  3 dart slugs
  4 leopard geckos
  6 orcs
  11 bats
  7 giant cockroaches
  9 goblins
  8 hobgoblins
  4 quokkas
  5 frilled lizards
  A jackal zombie (D:3)
  4 kobolds
  8 rats
128 creatures vanquished.

Notes
Turn   | Place    | Note
-------+----------+-------------------------------------------
     0 | D:1      | aelisj the Deep Elf Conjurer began the quest for the Orb.
     0 | D:1      | Reached XP level 1. HP: 10/10 MP: 6/6
   119 | D:1      | Reached XP level 2. HP: 15/15 MP: 1/8
   637 | D:1      | Reached skill level 5 in Conjurations
   789 | D:1      | Reached skill level 4 in Spellcasting
   789 | D:1      | Reached XP level 3. HP: 19/19 MP: 2/10
   809 | D:1      | Learned a level 2 spell: Searing Ray
   973 | D:2      | Found a bloodstained altar of Trog.
  1178 | D:2      | Reached XP level 4. HP: 24/24 MP: 8/12
  1502 | D:2      | Reached skill level 5 in Spellcasting
  1807 | D:3      | Learned a level 3 spell: Dazzling Spray
  1812 | D:3      | Learned a level 4 spell: Force Lance
  1850 | D:3      | Reached XP level 5. HP: 28/28 MP: 14/14
  2368 | D:3      | Noticed Natasha
  2380 | D:3      | Killed Natasha
  2525 | D:3      | Noticed Natasha
  2533 | D:3      | Killed Natasha
  2533 | D:3      | Reached skill level 6 in Spellcasting
  2647 | D:3      | Noticed Natasha
  2652 | D:3      | Killed Natasha
  2684 | D:3      | Noticed Terence
  2697 | D:3      | Killed Terence
  2697 | D:3      | Reached XP level 6. HP: 29/32 MP: 17/17
  3221 | D:4      | Learned a level 4 spell: Iskenderun's Mystic Blast
  3486 | D:4      | Reached skill level 7 in Spellcasting
  3976 | D:5      | Entered Level 5 of the Dungeon
  4001 | D:5      | Reached XP level 7. HP: 30/36 MP: 16/19
  4172 | D:5      | Noticed Edmund
  4484 | D:5      | Killed Edmund
  4484 | D:5      | Reached skill level 1 in Translocations
  4541 | D:5      | Reached skill level 8 in Spellcasting
  4824 | D:5      | Found a staircase to the Ecumenical Temple.
  4838 | Temple   | Entered the Ecumenical Temple
  5086 | Temple   | Became a worshipper of Vehumet
  5455 | D:6      | Found a glowing silver altar of Zin.
  5627 | D:6      | Reached XP level 8. HP: 41/41 MP: 21/22
  5783 | D:6      | Reached skill level 9 in Spellcasting
  5827 | D:6      | Found an ornate altar of the Wu Jian Council.
  5827 | D:6      | Found an opulent altar of Gozag.
  5828 | D:6      | Found an ancient bone altar of Kikubaaqudgha.
  6091 | D:7      | Noticed Harold
  6098 | D:7      | Mangled by Harold

Skill      XL: |  1  2  3  4  5  6  7  8 |
---------------+-------------------------+-----
Conjurations   | 5 6 7 8 |  8.4
Spellcasting   | 4 5 6 7 8 9 |  9.0
Translocations | 2 3 |  3.6
Dodging        | |  2.4
Stealth        | |  2.4

Action                   |  1- 3 |  4- 6 |  7- 9 || total
-------------------------+-------+-------+-------++-------
 Cast: Magic Dart        |    66 |   186 |   119 ||   371
       Searing Ray       |       |     4 |     6 ||    10
  Use: Scroll            |       |     9 |     2 ||    11
  Eat: Chunk             |     1 |     8 |     3 ||    12
       Ration            |       |       |     1 ||     1
Armor: Robe              |     7 |    20 |     3 ||    30
Dodge: Dodged            |     5 |    41 |    16 ||    62
